 Dungeon Crawl Stone Soup version 0.32-a0-799-g95e1662365 (webtiles) character file.

Game seed: 4289860130242207478

137 ezpacito the Trooper (level 5, -3/41 HPs)
             Began as a Coglin Chaos Knight on Mar 21, 2024.
             Was a Plaything of Xom.
             Slain by a ribbon worm (7 damage)
             ... on level 3 of the Dungeon.
             The game lasted 00:03:17 (1567 turns).

ezpacito the Trooper (Coglin Chaos Knight)          Turns: 1567, Time: 00:03:18

Health: -3/41      AC:  8    Str: 14    XL:     5   Next: 20%
Magic:  6/6        EV:  6    Int: 11    God:    Xom [.*....]
Gold:   151        SH:  0    Dex: 14    Spells: 6/6 levels left

rFire   . . .        a - +0 hand axe (chaos) {Vicente}
rCold   . . .        l - +0 dagger (venom) {Juan}
rNeg    . . .        k - +0 chain mail
rPois   .            (no helmet)
rElec   .            (no cloak)
rCorr   .            (no gloves)
SInv    .            (no boots)
Will    .....        (amulet unavailable) Stlth
                     (ring unavailable)
HPRegen 0.26/turn    (ring unavailable)
MPRegen 0.10/turn    (no gizmo)

%: random rage (3%)
@: on berserk cooldown, hasted and slowed, revving
A: off-hand wielding, slow wielding, warmup strikes, no jewellery, berserk 1
a: Invent Gizmo, Renounce Religion


You were on level 3 of the Dungeon.
You worshipped Xom.
You were a plaything of Xom.
You visited 1 branch of the dungeon, and saw 3 of its levels.

You collected 151 gold pieces.

Inventory:

Hand Weapons
 a - a +0 hand axe of chaos (weapon) {Vicente}
 l - a +0 dagger of venom (offhand) {Juan}
Missiles
 n - 4 javelins (quivered)
Armour
 d - a +0 pair of boots
 k - a +0 chain mail (worn)
Wands
 p - a wand of paralysis (5)
Scrolls
 b - a scroll of silence {unknown}
 c - a scroll of butterflies
 f - a scroll of fog {unknown}
 g - 2 scrolls of blinking {unknown}
 i - a scroll of poison {unknown}
 j - 2 scrolls of teleportation {unknown}
 m - a scroll of identify {unknown}
 o - a scroll of noise {unknown}
Potions
 e - a potion of lignification {unknown}
 h - a potion of haste


   Skills:
 * Level 3.5 Fighting
 * Level 3.5(3.7) Axes
 + Level 1.0(2.3) Polearms
 * Level 2.5 Armour
 * Level 1.9 Dodging
 + Level 0.9 Stealth
 + Level 1.0 Spellcasting
 + Level 0.1 Evocations


You had 6 spell levels left.
You didn't know any spells.
Your spell library contained the following spells:

 Spells                   Type           Power      Damage    Failure   Level
 Magic Dart               Conj           0%         1d3       99%         1
 Blink                    Tloc           0%         N/A       100%        2
 Call Imp                 Summ           0%         N/A       100%        2
 Passwall                 Erth           0%         N/A       100%        3
 Volatile Blastmotes      Fire/Tloc      0%         2d10      100%        3
 Bombard                  Conj/Erth      0%         9d1       100%        6


Dungeon Overview and Level Annotations

Branches:
Dungeon (3/15)

Altars:


Innate Abilities, Weirdness & Mutations

You can wield a second weapon in your off-hand.
It takes a long time for you to wield or remove held weapons.
Your first few attacks do less damage.
You cannot equip rings or amulets.
You sometimes lose your temper in combat.


Message History

The orc seems to grow stronger.
Xom thinks this is hilarious!
You completely miss the ribbon worm with your +0 hand axe of chaos.
The orc barely misses you.
The orc wizard hits you with a +0 dagger.
The ribbon worm bites you but does no damage.
You take 1 damage, and have 31/41 hp.
You closely miss the orc wizard with your +0 hand axe of chaos.
The orc wizard is lightly wounded.
You hit the orc but do no damage.
The orc is poisoned.
You hit the ribbon worm but do no damage.
You miss the orc wizard with your +0 dagger of venom.
The orc wizard points at you and mumbles some strange words.
The puff of flame hits you! The orc hits you with a +0 mace.
The ribbon worm expels a string of sticky webbing.
The stream of webbing hits you but does no damage.
You are caught in a web!
The orc hits you with a +0 mace.
The orc wizard gestures at you while chanting.
You resist with some effort.
You take 13 damage, and have 18/41 hp.
MASSIVE DAMAGE!!
The web tears apart.
The ribbon worm barely misses you. The orc closely misses you.
The orc wizard casts a spell at you. The puff of flame hits you!
* * * LOW HITPOINT WARNING * * *
You take 7 damage, and have 11/41 hp.
It was a potion of haste.
You feel yourself speed up.
h - a potion of haste;
e - a purple potion The orc wizard barely misses you.
The orc hits you with a +0 mace.
* * * LOW HITPOINT WARNING * * *
The ribbon worm bites you.
* * * LOW HITPOINT WARNING * * *
The orc closely misses you.
The orc wizard gestures at you while chanting.
The puff of flame hits you!
You die... "Hey, that's my toy!"
Xom revives you! The ribbon worm bites you!
You die...

####.##..#####
#.....# . #######.##
.# # #.......###.#<
.#. #.#######....#
$... #.# #........+
..... #.# #........#
......#.###.......?#
...........w@o......
....##+#.....o......
....................
..............#####
#......†...####
#...###...>.... #...
#...###.. #). ##...
. ## ....


You could see a ribbon worm (catching breath), an orc wizard (poisoned) and an
orc (strong, very poisoned).

Vanquished Creatures
  2 bombardier beetles (D:3)
  3 adders
  2 dart slugs (D:1)
  A ribbon worm (D:2)
  2 orcs (D:3)
  3 endoplasms (D:1)
  2 giant cockroaches (D:2)
  4 goblins (D:1)
  3 hobgoblins
  2 jackals (D:1)
  3 quokkas
  5 ball pythons
  4 bats
  2 frilled lizards (D:3)
  2 kobolds
  2 rats
42 creatures vanquished.

Notes
Turn   | Place    | Note
-------+----------+-------------------------------------------
     0 | D:1      | ezpacito the Coglin Chaos Knight began the quest for the
                  | Orb.
     0 | D:1      | Reached XP level 1. HP: 18/18 MP: 1/1
    35 | D:1      | Reached skill level 1 in Dodging
    46 | D:1      | You fall into a shaft and drop 1 floor!
    82 | D:2      | XOM: noise
    89 | D:2      | Reached XP level 2. HP: 22/24 MP: 2/2
   298 | D:1      | Reached XP level 3. HP: 23/29 MP: 3/3
   363 | D:1      | XOM: silly message
   854 | D:1      | XOM: silly message
  1093 | D:2      | Reached XP level 4. HP: 35/35 MP: 4/4
  1147 | D:2      | XOM: give mutation
  1147 | D:2      | Gained mutation: You sometimes lose your temper in combat.
                  | [Xom's mischief]
  1526 | D:3      | Reached skill level 1 in Polearms
  1526 | D:3      | Reached skill level 1 in Spellcasting
  1526 | D:3      | Reached XP level 5. HP: 41/41 MP: 6/6
  1567 | D:3      | Xom revived you
  1567 | D:3      | Slain by a ribbon worm

Illustrated notes

Levels and vault maps discovered:
D:1:      denvon_arrival_hothouse, layout_rooms, hangedman_decor_growths,
          item_on_display_a
D:2:      layout_loops_ring
D:3:      minmay_octagon_keep, layout_basic, serial_shops, nicolae_shop_stone,
          grunt_decor_resistance

Skill      XL: |  1  2  3  4 |
---------------+-------------+-----
Dodging        | 1 |  1.9
Armour         | 2 |  2.5
Polearms       | 1 |  1.0
Spellcasting   | 1 |  1.0
Fighting       | |  3.5
Axes           | |  3.5
Stealth        | |  0.9
Evocations     | |  0.1

Action                     |  1- 3 |  4- 6 || total
---------------------------+-------+-------++-------
  Melee: Hand axe          |    73 |    19 ||    92
         Dagger            |    60 |    21 ||    81
    Use: Potion            |       |     1 ||     1
   Stab: Paralysed         |     2 |       ||     2
 Armour: Leather armour    |    17 |       ||    17
         Chain mail        |    29 |    23 ||    52
  Dodge: Dodged            |    36 |     8 ||    44

Table legend: (Time is in decaauts)
 A = Elapsed time spent in this place.
 B = Non-inter-level travel time spent in this place.
 C = Inter-level travel time spent in this place.
 D = Time resting spent in this place.
 E = Time spent auto-exploring this place.
 F = Levels seen in this place.
 G = Mean time per level.
                   A        B        C        D        E       F      G
               +--------+--------+--------+--------+--------+-----+--------+
         Total |   1574 |   1403 |    171 |      0 |   1121 |   3 |  524.7 |
       Dungeon |   1574 |   1403 |    171 |      0 |   1121 |   3 |  524.7 |
               +--------+--------+--------+--------+--------+-----+--------+

Top non-repeatable levels by time:
     D:1: 707 daAuts
     D:2: 673 daAuts
     D:3: 192 daAuts
